 Dungeon Crawl Stone Soup version 0.26-a0-651-gb41185065b (webtiles) character file.

Game seed: 17341235857407320157

(classic levelgen) 307 EnegeticOcto the Chopper (level 6, -7/57 HPs)
             Began as a Deep Dwarf Fighter on Oct 17, 2020.
             Splashed by a gnoll's acid (15 damage)
             ... on level 4 of the Dungeon.
             The game lasted 00:00:55 (895 turns).

EnegeticOcto the Chopper (Deep Dwarf Fighter)        Turns: 895, Time: 00:00:55

Health: -7/57      AC: 11    Str: 22    XL:     6   Next: 16%
Magic:  4/4        EV:  7    Int:  8    God:
Gold:   59         SH: 10    Dex: 12    Spells: 5/5 levels left

rFire    . . .     SeeInvis .   a - +0 war axe
rCold    . . .     Faith    .   c - +0 kite shield
rNeg     . . .     Spirit   .   b - +0 scale mail
rPois    +         Reflect  .   f - +1 helmet
rElec    .         Harm     .   m - +1 cloak {rPois}
rCorr    .         Rampage  .   (no gloves)
MR       .....                  (no boots)
Stlth    ..........             (no amulet)
HPRegen  0.00/turn              (no ring)
MPRegen  0.09/turn              (no ring)

@: mighty, non-regenerating
A: damage resistance, heal wounds, sense surroundings 1, no regeneration
a: Heal Wounds


You were on level 4 of the Dungeon.
You visited 1 branch of the dungeon, and saw 5 of its levels.

You collected 59 gold pieces.

Inventory:

Hand Weapons
 a - a +0 war axe (weapon)
Armour
 b - a +0 scale mail (worn)
 c - a +0 kite shield (worn)
 f - a +1 helmet (worn)
 m - a +1 cloak of poison resistance (worn)
Wands
 g - a wand of iceblast (6) {@v2}
Scrolls
 h - a scroll of teleportation {unknown}
 i - 3 scrolls of identify {unknown}
Potions
 d - a potion of might {@q3}
 e - a potion of haste {unknown}
 j - 2 potions of ambrosia {unknown}
 k - a potion of heal wounds {unknown}
 l - a potion of brilliance {unknown}


   Skills:
 + Level 3.6 Fighting
 * Level 4.8 Axes
 + Level 4.5 Armour
 + Level 4.5 Shields


You had 5 spell levels left.
You didn't know any spells.
Your spell library was empty.

Dungeon Overview and Level Annotations

Branches:
Dungeon (5/15)
 Temple: D:4-7

Altars:
Gozag

Annotations:
D:4 1 transporter, PanSaczeczos's ghost, amateur TrAM


Innate Abilities, Weirdness & Mutations

You are resistant to damage.
You can heal yourself by infusing magical energy.
You passively map a small area around you.
You do not regenerate.


Message History

a +0 hunting sling; 22 sling bullets; a goblin corpse
There is a stone staircase leading down here.
There is a stone staircase leading up here.
You see here a wand of flame (8).
The gnoll shouts!
You hear a shout!
The gnoll shouts!
You hear a shout! x2
The gnoll shouts!
There is a stone staircase leading down here.
A howler monkey comes into view.
The howler monkey howls!
The howler monkey hoots and howls with incredible vigour!
A howler monkey is nearby!
A howler monkey is nearby!
A howler monkey is nearby!
The howler monkey closely misses you.
You slash the howler monkey!
The howler monkey is heavily wounded.
You block the howler monkey's attack. The howler monkey barely misses you.
You barely miss the howler monkey.
The howler monkey is heavily wounded.
The howler monkey barely misses you. The howler monkey hits you.
You hit the howler monkey but do no damage.
The howler monkey is moderately wounded.
You block the howler monkey's attack.
You closely miss the howler monkey.
The howler monkey is moderately wounded.
The howler monkey barely misses you.
The howler monkey hits you but does no damage.
You slash the howler monkey!
The howler monkey is severely wounded.
The howler monkey barely misses you. You block the howler monkey's attack.
You slash the howler monkey!
You kill the howler monkey!
You have reached level 6!
Your experience leads to an increase in your attributes!
Increase (s)trength, (i)ntelligence, or (d)exterity?
You feel stronger.
The gnoll shouts!
The gnoll shouts!
You see here a +0 giant club.
Partly explored, unvisited transporter.
Partly explored, unvisited transporter.
Partly explored, unvisited transporter.
Partly explored, unvisited transporter.
Partly explored, unvisited transporter.
Partly explored, unvisited transporter.
No target in view!
No target in view!
No target in view!
No target in view!
No target in view!
No target in view!
No target in view!
(D) Dungeon
Where to? (Enter - D:4 @ (x,y), ? - help)
There is a stone staircase leading down here.
You climb downwards.
Found a scroll labeled UWOSHO FURR and a leather armour.
There is a stone staircase leading up here.
No target in view!
No target in view!
i - 3 scrolls labeled UWOSHO FURR (gained 1)
You open the door.
Found a stone staircase leading down.
No target in view!
No target in view!
No target in view!
No target in view!
No target in view!
No target in view!
No target in view!
No target in view!
No target in view!
No target in view!
Search for what [? for help]? man
There is a stone staircase leading up here.
You climb upwards.
Level annotation: 2 transporters, PanSaczeczos's ghost, amateur TrAM
There is a stone staircase leading down here.
There is a transporter here.
You enter the transporter and appear at another place.
The gnoll shouts! x2
There is an open translucent door here.
You feel very mighty all of a sudden.
PanSaczeczos's ghost turns its malevolent gaze towards you.
The gnoll shaman shouts!
The gnoll shouts!
You slash the gnoll!
You kill the gnoll!
You slice the gnoll!!
You kill the gnoll!
The gnoll zaps a wand.
The bolt of acid hits you!
You are splashed with acid!
You hit PanSaczeczos's ghost.
PanSaczeczos's ghost is lightly damaged.
The gnoll shaman calls upon its god to speed up the gnoll.
The gnoll seems to speed up.
PanSaczeczos's ghost hits you.
The gnoll zaps a wand.
The bolt of acid hits you!
* * * LOW HITPOINT WARNING * * *
You are splashed with acid!
You die...

# ######.#.≈≈#....... ...#≈≈...##
###......#.≈≈###.##'##.###≈≈...#
.##.####.#.≈≈..#.#...#.#..≈≈..)##
.##.# #>#.≈≈.##.#⌠.⌠#.##.≈≈....#
....# #.#.≈≈.#..#...#..#.≈≈.#.<#
.#### ##...≈≈.##.##.##.##.≈≈.#..#
.# #<.#.....#.#...#.#..≈≈.#...
.######.##....©#.'.©g'.#©.≈≈.#..#
...............#@#8⌠8#.#..≈≈.#..#
.#####.#...≈≈.##W#####.##.≈≈....#
.#####.#...≈≈.#..# :=#.©#.≈≈.#..#
...##..../.≈≈.##g#...#.##.≈≈.#..#
.......#...≈≈..#g#...#.#..≈≈....#
##.###.#...≈≈###g##'##.###≈≈.#.##
##...#.#...≈≈#g..........#≈≈.#.##
..###......≈≈##.###g###.##≈≈.#.##
..# #..##..≈≈#gW#8###8#g.#≈≈.#.##


You could see a gnoll shaman, PanSaczeczos's ghost and 3 gnolls.

Vanquished Creatures
  An ogre (D:4)
  A howler monkey (D:4)
  2 iguanas (D:4)
  Ijyb (D:4)
  A worker ant (D:4)
  Robin (D:4)
  2 gnolls (D:4)
  2 adder skeletons (D:4)
  4 worms (D:4)
  4 orcs (D:3)
  3 giant cockroaches
  5 goblins (D:4)
  5 hobgoblins (D:4)
  4 jackals (D:2)
  A frilled lizard (D:4)
  2 rats (D:1)
39 creatures vanquished.

Vanquished Creatures (others)
  6 plants (D:4)
6 creatures vanquished.

Grand Total: 45 creatures vanquished

Notes
Turn   | Place    | Note
-------+----------+-------------------------------------------
     0 | D:1      | EnegeticOcto the Deep Dwarf Fighter began the quest for the
                  | Orb.
     0 | D:1      | Reached XP level 1. HP: 20/20 MP: 1/1
    60 | D:2      | Reached XP level 2. HP: 21/27 MP: 2/2
   177 | D:4      | Noticed Ijyb
   189 | D:4      | Killed Ijyb
   189 | D:4      | Reached XP level 3. HP: 24/34 MP: 3/3
   194 | D:4      | Reached XP level 4. HP: 42/42 MP: 3/3
   210 | D:4      | Noticed an ogre
   216 | D:4      | Killed an ogre
   216 | D:4      | Reached XP level 5. HP: 32/49 MP: 4/4
   237 | D:4      | Found a transporter.
   327 | D:4      | Identified the +7 spear of Bankruptcy {venom, rN+ Int+4}
   332 | D:4      | Noticed PanSaczeczos's ghost (amateur TrAM)
   355 | D:4      | Found a transporter.
   504 | D:4      | Noticed Robin
   517 | D:4      | Killed Robin
   525 | D:4      | Found an opulent altar of Gozag.
   738 | D:4      | Reached XP level 6. HP: 43/56 MP: 4/4
   866 | D:5      | Entered Level 5 of the Dungeon
   895 | D:4      | Splashed by a gnoll's acid

Illustrated notes

Levels and vault maps discovered:
D:1:      saegor_arrival_miasma, layout_loops_corners, minmay_close_crescents
D:2:      layout_basic, minmay_octomino_j4, uniq_sigmund, uniq_terence
D:3:      layout_loops_corners, uniq_natasha
D:4:      layout_loops_ring, grunt_gozag_statues, gammafunk_ghost_gnarly_gnolls,
          uniq_robin, uniq_ijyb
D:5:      layout_gridville, yredelemnul_altar_generic,
          nicolae_overflow_hidden_temple

Skill      XL: |  1  2  3  4 |
---------------+-------------+-----
Fighting       | 3 |  3.6
Axes           | 3 4 |  4.8
Armour         | 4 |  4.5
Shields        | 4 |  4.5

Action                   |  1- 3 |  4- 6 || total
-------------------------+-------+-------++-------
Melee: War axe           |    70 |    81 ||   151
 Abil: Heal Wounds       |     3 |     2 ||     5
  Use: Potion            |       |     1 ||     1
Armor: Scale mail        |    42 |    23 ||    65
Dodge: Dodged            |    30 |    20 ||    50
Block: Kite shield       |    47 |    41 ||    88

Table legend: (Time is in decaauts)
 A = Elapsed time spent in this place.
 B = Non-inter-level travel time spent in this place.
 C = Inter-level travel time spent in this place.
 D = Time resting spent in this place.
 E = Time spent auto-exploring this place.
 F = Levels seen in this place.
 G = Mean time per level.
                   A        B        C        D        E       F      G
               +--------+--------+--------+--------+--------+-----+--------+
         Total |    958 |    847 |    111 |      0 |    534 |   5 |  191.6 |
       Dungeon |    958 |    847 |    111 |      0 |    534 |   5 |  191.6 |
               +--------+--------+--------+--------+--------+-----+--------+

Top non-repeatable levels by time:
     D:4: 794 daAuts
     D:3: 68 daAuts
     D:2: 40 daAuts
     D:1: 40 daAuts
     D:5: 13 daAuts
